 Dungeon Crawl Stone Soup version 0.26.0-10-g1f06aea511 (webtiles) character file.

Game seed: 10750232356456636

296 Arthanis the Firebug (level 6, -8/32 HPs)
             Began as a Deep Elf Fire Elementalist on Jan 16, 2021.
             Killed from afar by an orc priest (10 damage)
             ... with a bolt of acid
             ... on level 4 of the Dungeon.
             The game lasted 00:05:12 (4275 turns).

Arthanis the Firebug (Deep Elf Fire Elementalist)   Turns: 4275, Time: 00:05:13

Health: -8/32      AC:  6    Str:  5    XL:     6   Next: 12%
Magic:  4/15       EV: 13    Int: 22    God:
Gold:   136        SH:  0    Dex: 15    Spells: 1/14 levels left

rFire    + . .     SeeInvis .   h - +0 spear (freeze)
rCold    x . .     Faith    .   (no shield)
rNeg     . . .     Spirit   .   a - +0 robe
rPois    +         Reflect  .   p - +1 hat
rElec    .         Harm     .   g - +2 cloak {rPois}
rCorr    .         Rampage  .   (no gloves)
Will     .....                  (no boots)
Stlth    ++........             (no amulet)
HPRegen  0.10/turn              i - ring of fire
MPRegen  0.14/turn              (no ring)

@: no status effects
A: no striking features
a: no special abilities


You were on level 4 of the Dungeon.
You visited 1 branch of the dungeon, and saw 4 of its levels.

You collected 136 gold pieces.

Inventory:

Hand Weapons
 e - a +0 short sword
 h - a +0 spear of freezing (weapon)
Armour
 a - a +0 robe (worn)
 g - a +2 cloak of poison resistance (worn)
 p - a +1 hat (worn)
Jewellery
 i - a ring of fire (left hand)
 j - an uncursed ring of fire
Wands
 q - a wand of enslavement (11)
Scrolls
 c - 3 scrolls of teleportation {unknown}
 d - a scroll of amnesia
 k - a scroll of fear {unknown}
 l - a scroll of magic mapping {unknown}
 m - a scroll of immolation {unknown}
 n - 4 scrolls of remove curse {unknown}
Potions
 b - a potion of curing
 f - 2 potions of attraction {unknown}
 o - a potion of haste {unknown}
 r - a potion of mutation {unknown}


   Skills:
 - Level 2.4 Dodging
 - Level 2.4 Stealth
 + Level 4.9 Spellcasting
 + Level 3.3 Conjurations
 * Level 5.9 Fire Magic


You had one spell level left.
You knew the following spells:

 Your Spells              Type           Power        Failure   Level
a - Foxfire               Conj/Fire      100%         1%          1
b - Conjure Flame         Conj/Fire      38%          4%          3
c - Sticky Flame          Conj/Fire      38%          16%         4
d - Fireball              Conj/Fire      19%          38%         5

Your spell library contained the following spells:

 Spells                   Type           Power        Failure   Level
 Inner Flame              Hex/Fire       27%          9%          3


Dungeon Overview and Level Annotations

Branches:
Dungeon (4/15)
 Temple: D:4-7

Altars:
Dithmenos
Nemelex Xobeh
Okawaru
Qazlal

Shops:
D:4 (


Message History

The bolt of acid hits the orc!!
The orc is splashed with acid.
The acid corrodes the orc!
The orc dies!
The bolt of acid hits you.
You are splashed with acid!
* * * LOW HITPOINT WARNING * * *
Casting: Foxfire (safe; 1% risk of failure)
Confirm with . or Enter, or press ? or * to list all spells.
The spell is extremely dangerous to cast (16% risk of failure)!
Continue anyway?
Aiming: Sticky Flame (extremely dangerous; 16% risk of failure)
Press: ? - help, Shift-Dir - straight line, f - orc wizard
Aim: an orc wizard, wielding a +0 dagger and wearing a +0 robe (severely wounded, 0% to evade)
You feel a surge of power!
The sticky flame hits the orc wizard.
The orc wizard is almost dead.
The orc wizard is covered in liquid flames!
The orc wizard burns!
You kill the orc wizard!
The howler monkey hits you!
* * * LOW HITPOINT WARNING * * *
The orc priest zaps a wand.
The bolt of acid hits you!
You die...

#..o######..# #...<.#
#.#.§ # #..# #.#.#.#
#...v. . #..# #.#.#.#
.o... #. #..# #.#.#.#
#...## # .##..# #.....#
##.# #. .#..### ###)###
#. #.. ...)o #.#
##...#h.# ###.####
#.....@)# #.....##
#.#####.########.....##
#.............∩##
##########..>..##
#.....## ###.#.##
#...#.## #.###.## #.#
#.##


You could see a howler monkey and an orc priest.

Vanquished Creatures
  2 orc priests (D:4)
  2 orc wizards (D:4)
  10 adders
  A gnoll (D:1)
  A shadow imp (D:4)
  An ooze (D:3)
  A worm (D:2)
  2 dart slugs
  5 leopard geckos
  11 orcs
  3 giant cockroaches
  7 goblins
  7 hobgoblins
  2 jackals (D:3)
  7 kobolds
  A quokka (D:3)
  A ball python skeleton (D:4)
  10 bats
  5 frilled lizards
  6 rats
85 creatures vanquished.

Vanquished Creatures (others)
  An orc (D:4)
  373 foxfires
374 creatures vanquished.

Grand Total: 459 creatures vanquished

Notes
Turn   | Place    | Note
-------+----------+-------------------------------------------
     0 | D:1      | Arthanis the Deep Elf Fire Elementalist began the quest for
                  | the Orb.
     0 | D:1      | Reached XP level 1. HP: 10/10 MP: 6/6
   370 | D:1      | Reached XP level 2. HP: 15/15 MP: 1/8
   731 | D:1      | Reached skill level 4 in Fire Magic
   796 | D:1      | Reached XP level 3. HP: 19/19 MP: 5/10
   804 | D:1      | Learned a level 3 spell: Conjure Flame
   876 | D:1      | You fall into a shaft and drop 1 floor!
   899 | D:2      | Found an iron altar of Okawaru.
  2159 | D:2      | Reached XP level 4. HP: 24/24 MP: 5/11
  2166 | D:2      | Learned a level 4 spell: Sticky Flame
  2640 | D:2      | Found a shadowy altar of Dithmenos.
  3009 | D:3      | Reached skill level 5 in Fire Magic
  3183 | D:3      | Reached XP level 5. HP: 28/28 MP: 8/13
  3290 | D:3      | Found a sparkling altar of Nemelex Xobeh.
  3730 | D:4      | Found Haplot's Weapon Shoppe.
  3801 | D:4      | Found a stormy altar of Qazlal.
  4076 | D:4      | Reached XP level 6. HP: 32/32 MP: 7/15
  4082 | D:4      | Learned a level 5 spell: Fireball
  4275 | D:4      | Killed from afar by an orc priest

Illustrated notes

Levels and vault maps discovered:
D:1:      dpeg_arrival_arbitrary_a, layout_basic
D:2:      layout_loops_ring, general_overflow_altar, grunt_dithmenos_smoke
D:3:      layout_rooms, minmay_misc_feat_iff, nemelex_dance_club_becter
D:4:      layout_loops_ring, kennysheep_mini, serial_shops, shop,
          nicolae_shop_window_shopping, shop, kennysheep_little_box,
          nrook_mini_backslash, tgw_kikubaaqudgha

Skill      XL: |  1  2  3  4  5 |
---------------+----------------+-----
Fire Magic     | 4 5 |  5.9
Conjurations   | 2 3 |  3.3
Spellcasting   | 4 |  4.9
Dodging        | |  2.4
Stealth        | |  2.4

Action                   |  1- 3 |  4- 6 || total
-------------------------+-------+-------++-------
Melee: Unarmed           |     1 |       ||     1
       Spear             |       |     2 ||     2
 Cast: Foxfire           |   115 |   135 ||   250
       Sticky Flame      |       |     1 ||     1
  Use: Potion            |       |     2 ||     2
       Scroll            |       |     1 ||     1
 Stab: Sleeping          |       |     1 ||     1
Armor: Robe              |     9 |    10 ||    19
Dodge: Dodged            |    10 |    12 ||    22
